 Dungeon Crawl Stone Soup version 0.20.1-1-g8b1a95d (webtiles) character file.

1789 Gets the Basher (level 8, -5/96 HPs)
             Began as a Minotaur Berserker on July 23, 2017.
             Was an Elder of Trog.
             Slain by an orc warrior
             ... wielding a +0 glaive
              (20 damage)
             ... on level 6 of the Dungeon.
             The game lasted 00:09:44 (5519 turns).

Gets the Basher (Minotaur Berserker)                Turns: 5519, Time: 00:09:45

Health: -5/96      AC: 12    Str: 23    XL:     8   Next: 82%
Magic:  7/7        EV: 11    Int: 10    God:    Trog [****..]
Gold:   158        SH:  0    Dex: 15    Spells: 7/7 levels left

rFire    . . .     SeeInvis .   a - +0 mace
rCold    . . .     Gourm    .   (no shield)
rNeg     . . .     Faith    .   H - +4 scale mail of the Lion {+Blink Str-3 Int+3 Dex+2}
rPois    .         Spirit   .   (helmet restricted)
rElec    .         Reflect  .   (no cloak)
rCorr    .         Harm     .   (no gloves)
MR       .....                  A - +1 pair of boots
Stlth    ..........             (no amulet)
Regen    0.3/turn               q - ring of wizardry
MPRegen  0.1/turn               t - +3 ring of intelligence

@: berserking, very quick
A: retaliatory headbutt, horns 2
a: Berserk, Trog's Hand, Brothers in Arms, Burn Spellbooks, Renounce Religion,
Evoke Blink


You were on level 6 of the Dungeon.
You worshipped Trog.
Trog was greatly pleased with you.
You were hungry.

You visited 2 branches of the dungeon, and saw 7 of its levels.

You collected 311 gold pieces.
You spent 153 gold pieces at shops.

Inventory:

Hand Weapons
 a - a +0 mace (weapon)
 e - a +1 dire flail of distortion
 w - a +0 flail
Armour
 j - a +0 scale mail
 A - a +1 pair of boots (worn)
 H - the +4 scale mail of the Lion (worn) {+Blink Str-3 Int+3 Dex+2}
   (You bought it in a shop on level 6 of the Dungeon)

   It affects your strength (-3).
   It affects your intelligence (+3).
   It affects your dexterity (+2).
   It lets you blink.
Jewellery
 f - an uncursed ring of protection from magic {unknown}
 q - a ring of wizardry (left hand)
 t - a +3 ring of intelligence (right hand)
Wands
 h - a wand of clouds (4/9)
 y - a wand of flame (27/48)
Scrolls
 g - 2 scrolls of teleportation
 i - a scroll of random uselessness
 k - 2 scrolls of fog
 p - 2 scrolls of immolation {unknown}
 u - a scroll of recharging
 z - 3 scrolls of identify
 B - a scroll of enchant armour {unknown}
 D - a scroll of amnesia {unknown}
 E - a scroll of noise {unknown}
Potions
 d - a potion of agility {unknown}
 m - a potion of resistance {unknown}
 n - a potion of degeneration {unknown}
 o - 2 potions of mutation {unknown}
 r - a potion of might {unknown}
 s - a potion of curing {unknown}
 v - 2 potions of brilliance {unknown}
 x - a potion of haste
 C - 2 potions of ambrosia {unknown}
 G - a potion of lignification {unknown}
Books
 l - Jessica's Handbook of Dislocation
   (You found it on level 2 of the Dungeon)

   Spells                             Type                      Level
   a - Apportation                    Translocation                1
   Trog disapproves of the use of such an item.
Comestibles
 b - 2 chunks of flesh
 c - 5 bread rations
 F - 2 meat rations


   Skills:
 - Level 3.6 Fighting
 * Level 13.5 Maces & Flails
 - Level 2.4 Armour
 - Level 2.1 Dodging


You had 7 spell levels left.
You didn't know any spells.

Dungeon Overview and Level Annotations

Branches:
Dungeon (6/15)             Temple (1/1) D:5

Altars:
Ashenzari
Cheibriados
Dithmenos
Elyvilon
Fedhas
Gozag
Hepliaklqana
Makhleb
Nemelex Xobeh
Qazlal
Ru
Sif Muna
Trog
Uskayaw
Vehumet
Xom
Yredelemnul
Zin
The Shining One

Shops:
D:6 *


Innate Abilities, Weirdness & Mutations

You reflexively headbutt those who attack you in melee.
You have a pair of horns on your head.


Message History

Things that are here:
a whip; an orc corpse The orc warrior hits you from afar with a glaive.
* * * LOW HITPOINT WARNING * * *
There is an open door here.
A red film seems to cover your vision as you go berserk!
You feel yourself moving faster!
You feel mighty!
You are feeling hungry.
The orc warrior hits you from afar with a glaive!
* * * LOW HITPOINT WARNING * * *
You feel a strong urge to attack something.
You barely miss the orc warrior. The orc warrior misses you.
You furiously retaliate!
You headbutt the orc warrior, but do no damage.
You sock the orc warrior! Your headbutt misses the orc warrior.
The orc warrior is moderately wounded.
You hit the orc warrior.
The orc warrior is heavily wounded.
The orc warrior hits you with a glaive!!
You die...

###'##### #.....#
###### #.....#
#..... #.....#
#..... #.....#
#..... #.....#
#..... #.....#
######..... #..o..#
#.......... #..@..#
#.......##.
#.....####.......##.
###..............##.
#................##.
#...........#######.
#...........# #.
#.........### #.
#.........# #.
#.........# #.


You could see an orc warrior.

Vanquished Creatures
  Pikel (D:4)
  Sigmund (D:2)
  Edmund (D:4)
  A water moccasin (D:5)
  An orc warrior (D:6)
  A sky beast (D:5)
  2 ogres
  2 crimson imps
  A hound (D:5)
  A jelly (D:5)
  An orc priest (D:6)
  2 orc wizards (D:5)
  Jessica (D:2)
  An iguana (D:5)
  A worker ant (D:4)
  A hound zombie (D:5)
  A worker ant zombie (D:5)
  8 adders
  8 gnolls
  2 oozes
  3 worms
  A dart slug (D:2)
  6 leopard geckos
  24 orcs
  A ball python (D:2)
  3 giant cockroaches (D:1)
  12 goblins
  11 hobgoblins
  17 jackals
  3 quokkas
  12 bats
  5 frilled lizards
  7 kobolds
  A leopard gecko zombie (D:5)
  5 rats
149 creatures vanquished.

Vanquished Creatures (others)
  A slave (D:4)
  An orc wizard (D:4)
  A hound skeleton (D:4)
  An adder (D:4)
  An orc (D:4)
5 creatures vanquished.

Grand Total: 154 creatures vanquished

Notes
Turn   | Place    | Note
-------+----------+-------------------------------------------
     0 | D:1      | Gets the Minotaur Berserker began the quest for the Orb.
     0 | D:1      | Reached XP level 1. HP: 19/19 MP: 0/0
    82 | D:1      | Reached skill level 4 in Maces & Flails
   126 | D:1      | Reached XP level 2. HP: 24/26 MP: 1/1
   495 | D:1      | Reached skill level 5 in Maces & Flails
   503 | D:1      | Reached ** piety under Trog
   503 | D:1      | Reached XP level 3. HP: 12/31 MP: 2/2
  1007 | D:2      | Noticed Sigmund
  1027 | D:2      | Killed Sigmund
  1027 | D:2      | Reached skill level 7 in Maces & Flails
  1027 | D:2      | Reached XP level 4. HP: 39/39 MP: 3/3
  1027 | D:2      | Reached XP level 5. HP: 45/45 MP: 4/4
  1307 | D:2      | Noticed Jessica
  1317 | D:2      | Killed Jessica
  1317 | D:2      | Reached skill level 8 in Maces & Flails
  1328 | D:2      | Identified Jessica's Handbook of Dislocation
  1429 | D:2      | Reached XP level 6. HP: 51/51 MP: 5/5
  2274 | D:3      | Found a hazy altar of Hepliaklqana.
  2417 | D:3      | Found a blossoming altar of Fedhas.
  2429 | D:3      | Reached *** piety under Trog
  2537 | D:3      | Found a burning altar of Makhleb.
  2624 | D:3      | Found an opulent altar of Gozag.
  2772 | D:3      | Found a snail-covered altar of Cheibriados.
  2826 | D:3      | Found a bloodstained altar of Trog.
  3086 | D:4      | Noticed Pikel
  3087 | D:4      | Noticed a slave
  3087 | D:4      | Noticed a slave
  3088 | D:4      | Noticed a slave
  3088 | D:4      | Noticed a slave
  3095 | D:4      | Killed Pikel
  3095 | D:4      | Reached skill level 10 in Maces & Flails
  3095 | D:4      | Reached XP level 7. HP: 56/57 MP: 6/6
  3121 | D:4      | Found a glowing drain.
  3241 | D:4      | Noticed Edmund
  3267 | D:4      | Killed Edmund
  3267 | D:4      | Reached skill level 11 in Maces & Flails
  3397 | D:4      | Received a gift from Trog
  3888 | D:4      | Reached XP level 8. HP: 64/64 MP: 7/7
  4181 | D:5      | Entered Level 5 of the Dungeon
  4227 | D:5      | Reached skill level 12 in Maces & Flails
  4492 | D:5      | Found a basalt altar of Yredelemnul.
  4555 | D:5      | Found a staircase to the Ecumenical Temple.
  4708 | D:5      | Reached skill level 13 in Maces & Flails
  4725 | D:5      | Reached **** piety under Trog
  5063 | Temple   | Entered the Ecumenical Temple
  5299 | D:6      | Found Vied's Assorted Antiques.
  5307 | D:6      | Bought a fine scale mail for 153 gold pieces
  5321 | D:6      | Identified the +4 scale mail of the Lion {+Blink Str-3 Int+3 Dex+2} (You bought it in a shop on level 6 of the Dungeon)
  5519 | D:6      | Slain by an orc warrior

Skill      XL: |  1  2  3  4  5  6  7  8 |
---------------+-------------------------+-----
Maces & Flails | 4 5 7 8 10 11 13 | 13.5
Fighting       | |  3.6
Armour         | |  2.4
Dodging        | |  2.1

Action                   |  1- 3 |  4- 6 |  7- 9 || total
-------------------------+-------+-------+-------++-------
Melee: Mace              |    74 |   119 |   196 ||   389
       Headbutt          |     9 |    12 |    37 ||    58
Invok: Berserk           |     1 |     2 |     4 ||     7
       Trog's Hand       |       |       |     1 ||     1
  Use: Scroll            |       |       |     6 ||     6
  Eat: Chunk             |       |     7 |     7 ||    14
       Royal jelly       |       |     1 |       ||     1
       Meat ration       |       |       |     1 ||     1
Armor: Animal skin       |    11 |       |       ||    11
       Scale mail        |     1 |    38 |    17 ||    56
       Ring mail         |       |       |    36 ||    36
Dodge: Dodged            |    41 |    60 |   103 ||   204
